AoeStats
← Rodion Romanovich Raskolnikov

Arena

510477414Analyzed
1v1 RM · 1d ago on Oct 1, 2026· 37m 19s· 2 players
Game mode
Random Map
Map size
Tiny (2 player)
Population
200
Speed
Normal
Resources
Standard
Victory
Conquest
Starting age
Dark Age
Ending age
Imperial Age
RankedLock teamsTeams togetherTeam positionsShared explorationLock speedFull tech treeHidden civsTurbo modeCheats
Victory
Defeat
1119
+15
🇨🇦 Poles · Canada
1103
-15
thk_ultra
7:58 Loom
10:34 Feudal Age
15:40 Castle Age
13:40 Double-Bit Axe
13:52 Horse Collar
15:26 Fletching
17:44 Wheelbarrow
17:16 Heavy Plow
18:14 Town Watch
23:09 Imperial Age
21:29 Stone Mining
23:35 Bow Saw
27:14 Bodkin Arrow
28:00 Padded Archer Armor
28:39 Elite Skirmisher
Rodion Romanovich Raskolnikov
10:38 Feudal Age
11:12 Loom
14:57 Castle Age
12:49 Double-Bit Axe
13:04 Horse Collar
16:21 Bow Saw
18:50 Chemistry
24:04 Wheelbarrow
27:52 Imperial Age
26:25 Forging
32:19 Two-Man Saw
34:55 Pikeman
35:35 Squires
35:21 Arson
36:13 Iron Casting
35:38 Scale Mail Armor
Connection lost

Rejoining the realm…

Still unreachable

The connection could not be restored.

Session expired

The server has moved on; the page needs a fresh start.